AoeStats
← ScotJ

Nomad

510811831Analyzed
3v3 RM · 15h ago on Oct 2, 2026· 49m 31s· 6 players
Game mode
Random Map
Map size
210×210
Population
200
Speed
Normal
Resources
Standard
Victory
Conquest
Starting age
Dark Age
Ending age
Imperial Age
RankedLock teamsTeams togetherTeam positionsShared explorationLock speedFull tech treeHidden civsTurbo modeCheats
Victory
Defeat
🇬🇧 Danes · United Kingdom
1266
+12
🇬🇧 Ethiopians · United Kingdom
1265
+12
🇬🇧 Saxons · United Kingdom
1231
+13
🇹🇷 Magyars · Türkiye
1179
-13
🇹🇷 Vietnamese · Türkiye
1178
-12
🇹🇷 Lithuanians · Türkiye
1173
-12
ScotJ
4:47 Loom
12:05 Feudal Age
12:31 Fishing Lines
12:49 Double-Bit Axe
18:32 Forging
19:06 Wheelbarrow
18:35 Fletching
23:22 Castle Age
24:28 Thumb Ring
24:18 Bodkin Arrow
24:37 Gillnets
24:58 Medium Warships
24:49 Gold Mining
25:11 Bow Saw
25:40 Padded Archer Armor
26:34 Crossbowman
29:11 Leather Archer Armor
30:39 Ballistics
30:54 Hand Cart
32:28 Town Watch
33:44 Gold Shaft Mining
34:06 Horse Collar
35:42 Heavy Plow
38:53 Imperial Age
38:42 Masonry
39:36 Town Patrol
39:14 Arbalester
39:55 Bracer
40:49 Ring Archer Armor
41:20 Chemistry
40:26 Siege Engineers
40:55 Squires
42:28 Scale Mail Armor
44:29 Guilds
44:56 Conscription
45:57 Chain Mail Armor
46:01 Halberdier
46:54 Forging
47:15 Plate Mail Armor
47:19 Torsion Engines
48:45 Iron Casting
49:59 Architecture
Nate The Great
4:02 Loom
12:38 Feudal Age
13:22 Double-Bit Axe
15:49 Wheelbarrow
17:01 Fletching
21:12 Castle Age
20:13 Horse Collar
21:52 Bodkin Arrow
24:45 Padded Archer Armor
26:30 Elite Skirmisher
36:24 Imperial Age
36:27 Bow Saw
37:37 Conscription
37:39 Bracer
37:54 Leather Archer Armor
37:49 Thumb Ring
40:21 Murder Holes
41:27 Chemistry
41:00 Ring Archer Armor
42:15 Squires
42:01 Gambesons
44:43 Scale Mail Armor
44:54 Forging
50:23 Ballistics
leech
9:09 Loom
13:33 Feudal Age
14:45 Double-Bit Axe
15:14 Fletching
16:57 Fishing Lines
20:29 Wheelbarrow
22:57 Castle Age
21:23 Gold Mining
21:30 Stone Mining
22:46 Padded Archer Armor
23:22 Pikeman
24:18 Gambesons
25:37 Medium Warships
26:23 Bow Saw
25:59 Horse Collar
25:58 Elite Skirmisher
29:38 Squires
31:26 Wheelbarrow
31:38 Heavy Plow
35:33 Thumb Ring
36:17 Bodkin Arrow
36:37 Leather Archer Armor
41:15 Imperial Age
39:20 Scale Mail Armor
39:31 Forging
41:32 Hand Cart
41:58 Chain Mail Armor
42:18 Iron Casting
42:26 Gold Shaft Mining
42:49 Ring Archer Armor
44:15 Bracer
44:46 Plate Mail Armor
45:01 Conscription
45:30 Ballistics
45:45 Shield Wall
46:22 Halberdier
eaglecastle
8:49 Loom
12:58 Feudal Age
16:47 Castle Age
17:05 Scale Barding Armor
17:25 Demolition Ship
18:25 Town Watch
21:45 Double-Bit Axe
21:43 Horse Collar
27:23 Wheelbarrow
27:20 Bloodlines
28:34 Forging
29:12 Fletching
30:24 Husbandry
31:48 Bodkin Arrow
34:24 Iron Casting
35:41 Hand Cart
37:12 Padded Archer Armor
38:21 Chain Barding Armor
39:25 Town Patrol
39:53 Bow Saw
41:52 Leather Archer Armor
41:55 Elite Skirmisher
44:06 Gold Mining
44:07 Stone Mining
48:35 Imperial Age
Joatmon
6:26 Loom
13:39 Feudal Age
21:16 Castle Age
Kunterantino
5:03 Loom
14:52 Feudal Age
15:32 Double-Bit Axe
21:18 Castle Age
19:28 Fletching
22:17 Bloodlines
27:12 Scale Barding Armor
29:30 Bodkin Arrow
30:22 Padded Archer Armor
36:05 Thumb Ring
37:18 Wheelbarrow
38:56 Hand Cart
40:21 Ballistics
40:27 Corvinian Army
40:51 Bow Saw
40:22 Horse Collar
41:04 Chain Barding Armor
40:44 Scale Mail Armor
41:00 Leather Archer Armor
41:06 Heavy Plow
41:00 Gold Mining
46:22 Imperial Age
46:46 Chain Mail Armor
46:37 Husbandry
45:57 Light Cavalry
48:01 Parthian Tactics
48:16 Conscription
48:00 Recurve Bow
47:26 Elite Magyar Huszar
47:51 Heavy Cavalry Archer
Connection lost

Rejoining the realm…

Still unreachable

The connection could not be restored.

Session expired

The server has moved on; the page needs a fresh start.